 Dungeon Crawl Stone Soup version 0.30-a0-860-g512cf1e979 (webtiles) character file.

Game seed: 11106634943529141492

95 Mickster the Chopper (level 4, -5/41 HPs)
             Began as a Minotaur Berserker on Mar 7, 2023.
             Was a Follower of Trog (penitent).
             Slain by an ogre
             ... wielding a +0 giant club
              (30 damage)
             ... on level 3 of the Dungeon.
             The game lasted 00:20:42 (1882 turns).

Mickster the Chopper (Minotaur Berserker)           Turns: 1882, Time: 00:20:43

Health: -5/41      AC:  6    Str: 20 (23) XL:     4   Next: 39%
Magic:  3/3        EV: 10    Int:  4      God:    Trog [*.....]
Gold:   42         SH:  5    Dex: 10      Spells: 2/3 levels left

rFire   + . .      SeeInvis .    a - +1 hand axe
rCold   + . .      Faith    .    (no shield)
rNeg    . . .      Spirit   .    d - +0 scale mail
rPois   .          Reflect  +    (helmet restricted)
rElec   .          Rampage  .    j - scarf {rC+ rF+}
rCorr   .                        (no gloves)
Will    .....                    (no boots) Stlth
                                 l - amulet of reflection
HPRegen 0.26/turn                (no ring)
MPRegen 0.08/turn                (no ring)

@: flying
A: horns 2, retaliatory headbutt
a: Renounce Religion


You were on level 3 of the Dungeon.
You worshipped Trog.
Trog was demanding penance.
You visited 1 branch of the dungeon, and saw 3 of its levels.

You collected 42 gold pieces.

Inventory:

Hand Weapons
 a - a +1 hand axe (weapon)
 i - a +0 sling
Missiles
 e - 36 stones (quivered)
Armour
 b - a +0 animal skin
 d - a +0 scale mail (worn)
 j - a scarf of resistance (worn)
Jewellery
 l - an amulet of reflection (around neck)
Scrolls
 c - 3 scrolls of identify
 f - a scroll of enchant armour
 g - 3 scrolls of silence
Potions
 k - a potion of curing


   Skills:
 + Level 4.3 Fighting
 * Level 5.0 Axes
 * Level 0.5 Throwing
 + Level 2.8 Armour
 + Level 2.3 Dodging
 + Level 0.6 Stealth
 * Level 0.3 Spellcasting
 * Level 0.1 Conjurations


You had 2 spell levels left.
You knew the following spells:

 Your Spells              Type           Power      Damage    Failure   Level
a - Magic Dart            Conj           0%         1d3       83%         1

Your spell library contained the following spells:

 Spells                   Type           Power      Damage    Failure   Level
 Call Imp                 Summ           0%         N/A       94%         2
 Mephitic Cloud           Conj/Pois/Air  0%         N/A       99%         3


Dungeon Overview and Level Annotations

Branches:
Dungeon (3/15)

Altars:

Annotations:
D:3 Robin


Innate Abilities, Weirdness & Mutations

You have a pair of horns on your head.
You reflexively headbutt those who attack you in melee.


Message History

You start putting on your amulet.
You continue putting on your amulet of reflection. x5
You finish putting on your amulet of reflection.
You feel a shielding aura gather around you.
l - an amulet of reflection (around neck)
An adder comes into view.
You closely miss the adder. The adder barely misses you.
You hit the adder.
The adder is heavily wounded.
You block the adder's attack. The adder barely misses you.
You furiously retaliate!
You headbutt the adder!
You kill the adder!
Trog accepts your kill.
There is a stone staircase leading down here.
You climb downwards.
The goblin shouts! x3; The ogre shouts!
You hear a shout! x3
Found a glowing falchion.
There is a stone staircase leading up here.
It was a potion of flight.
You feel very buoyant.
You fly up into the air.
A goblin comes into view. It is wielding a +0 club.
A goblin comes into view. It is wielding a +0 dagger.
The goblin shouts!
You hear a shout!
The ogre barely misses you.
Robin of the Strong Arm comes into view.
They are wielding a +0 short sword and carrying a wand of light (4).
The goblin moves out of view.
You hit the ogre but do no damage. You headbutt the ogre.
The ogre is lightly wounded.
Robin roars a battlecry!
The goblins go into a battle-frenzy!
You hear a shout! x2
You hit the ogre.
The ogre is lightly wounded.
The ogre hits you with a +0 giant club!
You hit the ogre.
The ogre is moderately wounded.
The ogre hits you with a +0 giant club!!
Ouch! That really hurt!
You die...

...#. .#....
#.... .....
#.... ..)g
##.... ...#
......#gg.####
#....g.....
#.wO#g.#
#..@<.#
#...### #####


You could see an ogre, a worm and 5 goblins.

Vanquished Creatures
  Jessica (D:2)
  3 adders (D:2)
  2 worms (D:2)
  2 dart slugs
  2 ball pythons
  3 bats
  3 endoplasms
  3 giant cockroaches
  2 goblins (D:1)
  2 hobgoblins
  3 jackals (D:1)
  3 kobolds (D:1)
  2 frilled lizards
  2 rats
33 creatures vanquished.

Notes
Turn   | Place    | Note
-------+----------+-------------------------------------------
     0 | D:1      | Mickster the Minotaur Berserker began the quest for the
                  | Orb.
     0 | D:1      | Reached XP level 1. HP: 19/19 MP: 0/0
   283 | D:1      | Reached XP level 2. HP: 24/27 MP: 1/1
   301 | D:1      | Reached skill level 4 in Axes
   882 | D:2      | Reached XP level 3. HP: 33/33 MP: 2/2
   903 | D:2      | Reached ** piety under Trog
   927 | D:2      | Was placed under penance by Trog
   929 | D:2      | Learned a level 1 spell: Magic Dart
  1566 | D:2      | Noticed Jessica
  1568 | D:2      | Killed Jessica
  1569 | D:2      | Reached skill level 5 in Axes
  1569 | D:2      | Reached XP level 4. HP: 41/41 MP: 3/3
  1877 | D:3      | Noticed an ogre
  1879 | D:3      | Noticed Robin
  1882 | D:3      | Slain by an ogre

Illustrated notes

Levels and vault maps discovered:
D:1:      nzn_arrival_crosshair, layout_loops_cross, minmay_misc_feat_roman
D:2:      layout_basic, corexii_item_surrounded_by_moat,
          nicolae_kite_square_tiling_tiny, uniq_jessica
D:3:      wander_river, layout_rooms, fedhas_altar_1, serial_shops,
          nicolae_shop_advertising_works [nicolae_subvault_shop_adworks],
          uniq_robin

Skill      XL: |  1  2  3 |
---------------+----------+-----
Fighting       | 4 |  4.3
Axes           | 4 5 |  5.0
Throwing       | |  0.5
Armour         | |  2.8
Dodging        | |  2.3
Stealth        | |  0.6
Spellcasting   | |  0.3
Conjurations   | |  0.1

Action                     |  1- 3 |  4- 6 || total
---------------------------+-------+-------++-------
  Melee: Hand axe          |    68 |     7 ||    75
         Headbutt          |    13 |     2 ||    15
    Use: Scroll            |     4 |     1 ||     5
         Potion            |     3 |     1 ||     4
   Stab: Sleeping          |     1 |       ||     1
 Armour: Scale mail        |    29 |     1 ||    30
         Animal skin       |     4 |       ||     4
  Dodge: Dodged            |    38 |     6 ||    44
  Block: Other             |       |     1 ||     1

Table legend: (Time is in decaauts)
 A = Elapsed time spent in this place.
 B = Non-inter-level travel time spent in this place.
 C = Inter-level travel time spent in this place.
 D = Time resting spent in this place.
 E = Time spent auto-exploring this place.
 F = Levels seen in this place.
 G = Mean time per level.
                   A        B        C        D        E       F      G
               +--------+--------+--------+--------+--------+-----+--------+
         Total |   1888 |   1770 |    118 |    272 |      0 |   3 |  629.3 |
       Dungeon |   1888 |   1770 |    118 |    272 |      0 |   3 |  629.3 |
               +--------+--------+--------+--------+--------+-----+--------+

Top non-repeatable levels by time:
     D:2: 1004 daAuts
     D:1: 879 daAuts
     D:3: 4 daAuts
